 Dungeon Crawl Stone Soup version 0.29.1-2-gbd0b4ee654 (webtiles) character file.

Game seed: 185718030417423172

4886 Ihaveafatcat the Cleaver (level 10, -4/86 HPs)
             Began as a Minotaur Fighter on Nov 22, 2022.
             Was an Initiate of Gozag.
             Slain by a komodo dragon (11 damage)
             ... on level 9 of the Dungeon.
             The game lasted 00:19:26 (9008 turns).

Ihaveafatcat the Cleaver (Minotaur Fighter)         Turns: 9008, Time: 00:19:27

Health: -4/86      AC: 18    Str: 36    XL:     10   Next: 26%
Magic:  9/9        EV:  9    Int:  5    God:    Gozag
Gold:   315        SH:  5    Dex: 11    Spells: 9/9 levels left

rFire   . . .      SeeInvis .   a - +1 war axe
rCold   . . .      Faith    .   c - +0 buckler
rNeg    . . .      Spirit   .   n - +3 plate armour
rPois   .          Reflect  .   u - +1 hat
rElec   .          Harm     .   (no cloak)
rCorr   .          Rampage  .   (no gloves)
Will    .....                   (no boots)
Stlth   ..........              (no amulet)
HPRegen 0.24/turn               m - +6 ring of strength
MPRegen 0.11/turn               z - +6 ring of strength

@: gold aura
A: horns 2, retaliatory headbutt
a: Renounce Religion, Potion Petition, Call Merchant, Bribe Branch


You were on level 9 of the Dungeon.
You worshipped Gozag.
Gozag was aware of your devotion.
You visited 1 branch of the dungeon, and saw 9 of its levels.

You collected 665 gold pieces.
You spent 235 gold pieces at shops.
You paid 115 gold pieces to Gozag.

Inventory:

Hand Weapons
 a - a +1 war axe (weapon)
Missiles
 i - a throwing net
Armour
 c - a +0 buckler (worn)
 n - a +3 plate armour (worn)
 u - a +1 hat (worn)
Jewellery
 m - a +6 ring of strength (left hand)
 r - a ring of see invisible
 z - a +6 ring of strength (right hand)
Wands
 l - a wand of charming (22)
 s - a wand of flame (17)
 v - a wand of digging (5)
Scrolls
 b - 3 scrolls of amnesia
 h - a scroll of fear (quivered)
 j - a scroll of blinking {unknown}
 y - a scroll of magic mapping
Potions
 d - 2 potions of might
 e - a potion of lignification
 k - a potion of magic
 p - 2 potions of flight
 q - a potion of curing
 t - 2 potions of attraction
 x - a potion of cancellation


   Skills:
 + Level 7.0 Fighting
 + Level 13.0 Axes
 * Level 2.5 Throwing
 + Level 9.3 Armour
 - Level 2.3 Dodging
 - Level 0.4 Stealth
 - Level 5.7 Shields
 * Level 2.2 Evocations


You had 9 spell levels left.
You didn't know any spells.
Your spell library contained the following spells:

 Spells                   Type           Power      Damage    Failure   Level
 Magic Dart               Conj           0%         1d3       98%         1
 Searing Ray              Conj           0%         2d4       99%         2
 Static Discharge         Conj/Air       0%         3-3/arc   99%         2
 Dispel Undead            Necr           0%         3d6       100%        4
 Fulminant Prism          Conj/Hex       0%         3d6       100%        4
 Petrify                  Tmut/Erth      0%         N/A       100%        4
 Sticky Flame             Conj/Fire      0%         2d3       100%        4
 Metabolic Englaciation   Hex/Ice        0%         N/A       100%        5
 Statue Form              Tmut/Erth      0%         N/A       100%        6


Dungeon Overview and Level Annotations

Branches:
Dungeon (9/15)             Temple (0/1) D:7
   Lair: D:8-11         Orc: D:9-12

Altars:
Elyvilon
Gozag
Hepliaklqana
Kikubaaqudgha
Nemelex Xobeh
Wu Jian
The Shining One

Shops:
D:4 =   D:5 *=[   D:7 *


Innate Abilities, Weirdness & Mutations

You have a pair of horns on your head.
You reflexively headbutt those who attack you in melee.


Message History

The komodo dragon hisses angrily.
You see here a +0 spear.
The komodo dragon bites you!!
You are too injured to fight recklessly!
You are too injured to fight recklessly!
You are too injured to fight recklessly!
You are too injured to fight recklessly!
You are too injured to fight recklessly!
You are too injured to fight recklessly!
You are too injured to fight recklessly!
You are too injured to fight recklessly!
You are too injured to fight recklessly!
You are too injured to fight recklessly!
You are too injured to fight recklessly!
You are too injured to fight recklessly!
You are too injured to fight recklessly!
You are too injured to fight recklessly!
You are too injured to fight recklessly!
You are too injured to fight recklessly!
You are too injured to fight recklessly!
You are too injured to fight recklessly!
You are too injured to fight recklessly!
You are too injured to fight recklessly!
You are too injured to fight recklessly!
You are too injured to fight recklessly!
You are too injured to fight recklessly!
You are too injured to fight recklessly!
You are too injured to fight recklessly!
The komodo dragon bites you!!
* * * LOW HITPOINT WARNING * * *
You see here a +0 spear.
You closely miss the komodo dragon. You headbutt the komodo dragon!
The komodo dragon is moderately wounded.
The komodo dragon bites you!
* * * LOW HITPOINT WARNING * * *
You completely miss the komodo dragon. Your headbutt misses the komodo dragon.
The komodo dragon is moderately wounded.
The komodo dragon bites you!
You die...
Your body crumbles into a pile of gold.

.....#..##..#..#
.#...#.#.##.#..##_# ...#
#§§§#.##.#.#..##.#
...###.
##§§§#.##.#.#..##.#
......
#.§§§##.#.#.#..##.#
.....
.§Y§§§.#..#.#..##.# )..#
.§.§#..Y..#....##.# ...#
...###..#.........##...#
...# ##..##....l@......#
...# ##..#...##.)<....#
.... .......##..###..#
##.. l....#..##..# ..#
.....##..##..# ...
#####.##..##..# .### #.
#..##..# # # #......#
...#


You could see a komodo dragon.

Vanquished Creatures
  A death yak (D:9)
  Pikel (D:5)
  A vampire (D:6)
  A wyvern (D:8)
  2 steam dragons
  4 water moccasins
  An orc warrior (D:9)
  An ice beast (D:7)
  An ogre (D:4)
  A black bear (D:6)
  3 centaurs
  2 phantoms (D:6)
  A kobold brigand (D:6)
  4 bullfrogs
  A gnoll sergeant (D:8)
  5 scorpions
  4 wights (D:7)
  9 killer bees
  An electric eel (D:6)
  A howler monkey (D:5)
  A gnoll bouda (D:8)
  4 hounds
  A jelly (D:4)
  2 orc priests
  3 iguanas
  4 orc wizards
  16 gnolls
  5 adders
  A shadow imp (D:8)
  A white imp (D:3)
  A worm (D:2)
  7 dart slugs
  17 orcs
  6 ball pythons
  4 bats
  8 endoplasms
  4 giant cockroaches
  6 goblins
  7 hobgoblins
  4 jackals
  2 quokkas
  4 frilled lizards
  4 goblin zombies (D:3)
  4 hobgoblin zombies (D:3)
  8 kobolds
  2 kobold skeletons (D:3)
  An orc skeleton (D:3)
  A rat (D:3)
173 creatures vanquished.

Vanquished Creatures (others)
  3 plants (D:6)
3 creatures vanquished.

Grand Total: 176 creatures vanquished

Notes
Turn   | Place    | Note
-------+----------+-------------------------------------------
     0 | D:1      | Ihaveafatcat the Minotaur Fighter began the quest for the
                  | Orb.
     0 | D:1      | Reached XP level 1. HP: 19/19 MP: 0/0
   167 | D:1      | Reached XP level 2. HP: 16/27 MP: 1/1
   553 | D:1      | Reached skill level 3 in Axes
   981 | D:2      | Reached XP level 3. HP: 33/33 MP: 2/2
  1202 | D:2      | Found a faded altar of an unknown god.
  1827 | D:3      | Found a glowing golden altar of the Shining One.
  1831 | D:3      | Reached XP level 4. HP: 33/40 MP: 3/3
  1847 | D:3      | Became a worshipper of the Shining One
  1990 | D:3      | Reached skill level 4 in Axes
  2003 | D:3      | Found an ancient bone altar of Kikubaaqudgha.
  2593 | D:4      | Reached XP level 5. HP: 45/46 MP: 4/4
  2596 | D:4      | Reached skill level 1 in Dodging
  2728 | D:4      | Found Ylu Leberatz's Jewellery Emporium.
  2800 | D:4      | Noticed an ogre
  2807 | D:4      | Killed an ogre
  2808 | D:4      | Reached skill level 5 in Axes
  2808 | D:4      | Reached skill level 5 in Armour
  2808 | D:4      | Reached XP level 6. HP: 53/53 MP: 5/5
  3250 | D:5      | Entered Level 5 of the Dungeon
  3282 | D:5      | Found Zogg's General Store.
  3318 | D:5      | Noticed a water moccasin
  3327 | D:5      | Killed a water moccasin
  3328 | D:5      | Reached skill level 6 in Axes
  3474 | D:5      | Reached XP level 7. HP: 60/60 MP: 6/6
  3545 | D:5      | Reached skill level 5 in Fighting
  3646 | D:5      | Found Cofeviab's Jewellery Shop.
  3649 | D:5      | Bought a ring of see invisible for 195 gold pieces
  3664 | D:5      | Found Tisun's Armour Emporium.
  3775 | D:5      | Reached skill level 7 in Axes
  3874 | D:5      | Noticed Pikel
  3890 | D:5      | Killed Pikel
  3891 | D:5      | Reached skill level 8 in Axes
  3891 | D:5      | Reached XP level 8. HP: 23/69 MP: 7/7
  4854 | D:6      | Reached skill level 9 in Axes
  4942 | D:6      | Reached skill level 5 in Shields
  5099 | D:6      | Reached * piety under the Shining One
  5106 | D:6      | Found a white marble altar of Elyvilon.
  5255 | D:6      | Reached skill level 10 in Axes
  5875 | D:7      | Reached XP level 9. HP: 63/75 MP: 8/8
  5877 | D:7      | Reached skill level 11 in Axes
  6113 | D:7      | Found Fyef's Assorted Antiques.
  6122 | D:7      | Bought a fuming purple potion for 20 gold pieces
  6122 | D:7      | Bought a silvery potion for 20 gold pieces
  6228 | D:7      | Found an opulent altar of Gozag.
  6277 | D:7      | Reached skill level 12 in Axes
  6299 | D:7      | Found a staircase to the Ecumenical Temple.
  6476 | D:7      | Found a sparkling altar of Nemelex Xobeh.
  6503 | D:7      | Found an ornate altar of the Wu Jian Council.
  6963 | D:7      | Fell from the grace of the Shining One
  6963 | D:7      | Became a worshipper of Gozag Ym Sagoz the Greedy
  7452 | D:8      | Reached skill level 1 in Throwing
  7462 | D:8      | Reached skill level 1 in Evocations
  7946 | D:8      | Reached XP level 10. HP: 65/84 MP: 9/9
  8440 | D:9      | Found a hazy altar of Hepliaklqana.
  8519 | D:9      | Noticed a death yak
  8526 | D:9      | Noticed a death yak
  8527 | D:9      | Noticed a death yak
  8975 | D:9      | Killed a death yak
  8976 | D:9      | Reached skill level 13 in Axes
  9008 | D:9      | Slain by a komodo dragon

Illustrated notes

Levels and vault maps discovered:
D:1:      dpeg_arrival_orchard, layout_basic, chequers_garden
D:2:      layout_rooms, shapermc_ecumenical_altar_pompeii,
          chequers_serial_rivers_micro_c
D:3:      layout_loops_ring, nicolae_tso_besieged_by_evil,
          mainiacjoe_overflow_paths
D:4:      layout_basic, minmay_shop_enchanted_jewellery, minmay_misc_feat_cross,
          kennysheep_generic_room_12
D:5:      layout_basic, serial_shops, nicolae_take_the_stairs,
          kennysheep_mini_moat, shop, uniq_pikel
D:6:      layout_cave_pools, nicolae_elyvilon_temple_path,
          nicolae_figureground_sparkle
D:7:      layout_basic, nemelex_diamond_rough_becter,
          mainiacjoe_overflow_boulevard, nzn_wu_jian_council_hall,
          minmay_temple_entry_statues_pillars, serial_shops, shop,
          corexii_leaking_fountain
D:8:      nicolae_cairo_tiling_large, layout_basic
D:9:      layout_long_grid, overflow_temple_1_default, dpeg_lair_monsters,
          minmay_parallelograms, grunt_decor_mini_mirrors

Skill      XL: |  1  2  3  4  5  6  7  8  9 10 |
---------------+-------------------------------+-----
Fighting       | 4 5 6 7 |  7.0
Axes           | 3 4 5 6 8 10 12 13 | 13.0
Armour         | 4 5 6 7 8 9 |  9.3
Shields        | 4 5 |  5.7
Dodging        | 1 2 |  2.3
Throwing       | 1 2 |  2.5
Evocations     | 1 2 |  2.2
Stealth        | |  0.4

Action                   |  1- 3 |  4- 6 |  7- 9 | 10-12 || total
-------------------------+-------+-------+-------+-------++-------
Melee: War axe           |    95 |   112 |   194 |    48 ||   449
       Headbutt          |    15 |    19 |    36 |    11 ||    81
Evoke: Wand              |       |       |       |     4 ||     4
  Use: Potion            |     3 |       |     5 |     3 ||    11
       Scroll            |     3 |       |     9 |     9 ||    21
Armor: Scale mail        |    42 |    41 |       |       ||    83
       Plate armour      |       |    11 |   114 |    40 ||   165
Dodge: Dodged            |    42 |    52 |    73 |    35 ||   202
Block: Buckler           |    22 |    28 |    49 |    13 ||   112
